[Event "10th Cherry Blossom Classic 2023"]
[Site "Dulles"]
[Date "2023.05.26"]
[Round "2.10"]
[White "Burke, John M"]
[Black "Sriniaiyer, Sudarshan"]
[Result "1-0"]
[ECO "B33"]
[WhiteElo "2583"]
[BlackElo "2211"]
[Annotator "TA"]
[PlyCount "97"]
[EventDate "2023.05.24"]
[EventType "swiss"]
[EventCountry "USA"]
[SourceTitle "playchess.com"]
[Source "ChessBase"]
[SourceQuality "1"]
[TimeControl "5400+30"]

1. e4 c5 2. Nf3 Nc6 3. d4 cxd4 4. Nxd4 Nf6 5. Nc3 e5 6. Ndb5 d6 7. Nd5 Nxd5 8. exd5 Nb8 9. a4 Be7 {[%emt 0:01:21] B33: Sicilian: Pelikan and Sveshnikov Variations.} 10. Bd2 O-O 11. Be2 f5 {[%emt 0:02:20] The position is equal. 11...Nd7 gains popularity.} 12. a5 f4 13. O-O a6 14. Na3 Bf5 15. Nc4 Nd7 {[%emt 0:00:36] [#]} 16. Ra3 $146 ({Predecessor:} 16. Bb4 Rf6 17. Ra3 Rc8 18. Rc3 Bf8 19. Bg4 Bxg4 20. Qxg4 Rg6 21. Qf5 Rf6 22. Qd3 {1-0 Maghsoodloo,P (2699)-Moiseenko,A (2582) Chess.com Rapid Wk15 Swiss 2022 (3)}) 16... Rc8 17. Rb3 Rc7 (17... Nc5 $5 18. Ra3 Qe8 $11) 18. Bb4 Rf6 19. Rc3 Rg6 20. Bh5 Rh6 21. Bg4 $1 Bxg4 22. Qxg4 Kh8 23. Re1 Nf6 24. Qe6 Ne8 (24... Ne4 $2 25. Nxe5 Ng5 26. Qf5 Rxc3 27. bxc3 $18) 25. Qf5 {[%emt 0:02:11][%cal Oc4e5] Nxe5! would be deadly. Black is weak on the light squares} Rf6 26. Qd3 Rf8 27. Ra1 Bf6 (27... f3 {keeps more tension.} 28. g3 Qd7 29. Re1 Qg4) 28. Qe4 g5 29. Raa3 Bg7 30. Nb6 Nf6 31. Qe2 Rff7 32. Rxc7 Rxc7 33. c4 Bf8 34. Bc3 ({Better is} 34. c5 $14) 34... Nd7 (34... Qe8 $11 {is more appropriate.}) 35. b4 Nxb6 36. axb6 Re7 {[%emt 0:00:33] [#]} (36... Rf7 $1 $11 {remains equal.}) 37. Qh5 $1 $16 {[%emt 0:03:15] White is more active.} Qxb6 38. Qxg5 Qc7 {[%emt 0:01:41] This move loses the game for Black.} (38... Rf7 $16) 39. Qxf4 $18 Rf7 40. Qe4 ({But not} 40. Qh4 $6 Qd7) 40... Bg7 41. g3 {[%emt 0:02:08] Prevents Rf4.} Qc8 42. Kg2 Rc7 $2 {[%emt 0:00:27] [#]} (42... Qf5 {keeps fighting.} 43. Qxf5 Rxf5) 43. c5 $1 {[%emt 0:00:04][%mdl 576] Deflection} dxc5 (43... Rf7 44. cxd6) 44. bxc5 ({Less strong is} 44. Bxe5 Rf7 45. Bxg7+ Kxg7 $18) 44... Rxc5 (44... Kg8 $142 45. Bb4 Re7) 45. Bxe5 Rc4 46. Bxg7+ {[%emt 0:00:07] White mates.} Kxg7 47. Qe7+ Kg8 48. d6 Qc6+ 49. Rf3 {[%emt 0:00:35] Weighted Error Value: White=0.08 (flawless) /Black=0.39} 1-0

[Event "10th Cherry Blossom Classic 2023"]
[Site "Dulles"]
[Date "2023.05.26"]
[Round "2.11"]
[White "Hilby, Craig"]
[Black "Slade, Theodore"]
[Result "1-0"]
[ECO "E05"]
[WhiteElo "2401"]
[BlackElo "2021"]
[Annotator "TA"]
[PlyCount "69"]
[EventDate "2023.05.24"]
[EventType "swiss"]
[EventCountry "USA"]
[SourceTitle "playchess.com"]
[Source "ChessBase"]
[SourceQuality "1"]
[TimeControl "5400+30"]

1. d4 d5 2. c4 e6 3. Nf3 Nf6 4. g3 Be7 5. Bg2 O-O 6. O-O dxc4 7. Qc2 a6 8. a4 Bd7 (8... c5 {looks sharper.} 9. dxc5 Bxc5 10. Ne5 Qc7) 9. Rd1 {[%emt 0:00:21] E05: Open Catalan: 5 Nf3 Be7.} Nc6 10. Qxc4 Na5 11. Qc2 {[%emt 1:31:34] [#] White is slightly better.} c5 $146 ({Predecessor:} 11... Bc6 12. Nc3 Nd5 13. e4 Nb4 14. Qe2 Nb3 15. Rb1 Qe8 16. Bf4 Rc8 17. d5 Bxa4 18. Nxa4 Qxa4 19. dxe6 fxe6 {1-0 Maletin,P (2580)-Khodashenas,M (2393) Mashhad Ferdowsi op 6th 2016 (8)}) 12. dxc5 $16 Rc8 13. b4 Nc6 14. Qb3 {[%emt 0:00:00] White has more active pieces.} a5 (14... b6 $142) 15. b5 $36 {[%emt 0:00:00][%mdl 2048] White is in control.} Nb4 16. Ne5 {[%emt 0:00:00] c6 is the strong threat.} Rxc5 17. Nxd7 Nxd7 18. Be3 (18. Bxb7 $6 Qc7 19. Bc6 Nxc6 20. bxc6 Ne5 $11) 18... Rc2 (18... Nc2 $16 {was necessary.}) 19. Na3 $1 $18 ({Worse is} 19. Bxb7 Nc5 20. Rxd8 Nxb3 $11) 19... Rxe2 20. Bxb7 {[%emt 0:00:00] Hoping for Bf3. This pair of bishops is nice.} Bf6 (20... Bc5 $142) 21. Rab1 {[%emt 0:00:00] Strongly threatening Bc6.} Qe7 22. Qc4 {[%emt 0:00:00][%mdl 8192] [#] Dodges Nc5} (22. Bf3 $18 Ra2 23. Bc6) 22... Ra2 {[%emt 0:04:10][%mdl 8192] [#]} (22... Rxe3 $1 $19 {and life is good for Black.} 23. fxe3 Nb6 {[%mdl 64] Discovered Attack}) 23. Qc7 {[%emt 0:00:00][%csl LRa5,LRd7] Wards off Nb6} Nc5 24. Qxc5 (24. Bxc5 $2 {perishes.} Qxc7 25. Bxf8 Kxf8 $19) 24... Rxa3 (24... Qxb7 $142 25. Nc4 Rxa4) 25. Qxe7 Bxe7 26. Rd7 Re8 27. Rc1 {[%emt 0:00:00][%cal Od7e7] Black must now prevent Rxe7!} Rxa4 $2 {[%emt 0:02:57] [#]} (27... Bf6 28. b6 Nd3) 28. Rxe7 $1 {[%emt 0:00:00][%cal Re7e8][%mdl 576] Deflection, Back Rank} Kf8 {[%emt 0:03:32] [#]} (28... Rf8 29. Rd7) 29. Rcc7 $1 {[%emt 0:00:43] White mates.} Ra1+ 30. Kg2 Nd3 31. Rxf7+ Kg8 32. Rxg7+ Kh8 33. Rxh7+ Kg8 34. Rcg7+ Kf8 35. Bh6 {[%emt 0:00:21] Weighted Error Value: White=0.29 (precise) /Black=0.71} 1-0

[Event "10th Cherry Blossom Classic 2023"]
[Site "Dulles"]
[Date "2023.05.26"]
[Round "2.12"]
[White "Kiewra, Keaton"]
[Black "Kanli, Alperen"]
[Result "1/2-1/2"]
[ECO "A22"]
[WhiteElo "2352"]
[BlackElo "2111"]
[Annotator "TA"]
[PlyCount "108"]
[EventDate "2023.05.24"]
[EventType "swiss"]
[EventCountry "USA"]
[SourceTitle "playchess.com"]
[Source "ChessBase"]
[SourceQuality "1"]
[TimeControl "5400+30"]

1. c4 e5 2. Nc3 Nf6 3. e4 Bb4 4. g3 Bxc3 5. bxc3 Nxe4 {[%emt 0:01:41] [#]} 6. Qg4 $146 {[%emt 0:01:46] A22: English Opening: 1...e5 2 Nc3 Nf6.} ({Predecessor:} 6. Bg2 Nf6 7. Ne2 O-O 8. O-O d6 9. d4 Re8 10. f4 Nc6 11. dxe5 dxe5 12. Bxc6 Qxd1 13. Rxd1 bxc6 14. fxe5 {0-1 Murthy,P (1940)-Josse,M (2235) Titled Tuesday intern op 20th Oct blitz 2020 (8)}) 6... Nf6 7. Qxg7 Rg8 8. Qh6 d5 (8... Nc6 $11) 9. Ba3 {[%emt 0:03:12] Black should prevent Nf3.} (9. cxd5 Rg6 10. Qe3 (10. Bb5+ $2 c6 $19) 10... Nxd5 $11) 9... Bf5 10. h3 (10. d4 $14) 10... Nbd7 $15 11. Qe3 {[%emt 0:01:59] [#] Prevents c5} c5 $1 12. Bxc5 Qc7 {[%emt 0:00:36] Prevents Bd6.} 13. Ba3 dxc4 14. Bg2 {[%emt 0:01:11] Repels Qc6} Qb6 15. Qxb6 axb6 16. Bb4 Be4 17. Nf3 Nd5 18. O-O $1 {[%emt 0:04:17] [#]} Nf4 $1 {[%emt 0:02:21][%mdl 64] Pin} 19. Rfe1 {[%emt 0:01:26] White is weak on the light squares} (19. Nh4 Nxg2) 19... f5 20. Nh4 Nxg2 (20... Bxg2 21. gxf4 Bc6+ 22. Kf1 $14) 21. Nxg2 O-O-O (21... Kf7 $15) 22. Ne3 $14 Bd3 23. Nd5 Rg7 24. a4 f4 (24... Be4 $14 25. Ne3 Bd3) 25. Kg2 (25. Bd6 $16) 25... fxg3 26. fxg3 Kb8 (26... Re8 $14) 27. Bd6+ $16 Ka7 28. a5 $1 (28. Bxe5 $2 Nxe5 29. Nf4 (29. Rxe5 $2 Rxd5 {[%mdl 64] Decoy} 30. Rxd5 Be4+ 31. Kf2 Bxd5 $19) 29... Re7 $19) 28... b5 29. Bc7 {[%emt 0:00:53] White is more active.} (29. Bxe5 $2 Nxe5 30. Nf4 (30. Rxe5 $2 Rxd5 {[%mdl 64] Decoy} 31. Rxd5 Be4+ 32. Kf2 Bxd5 $19) 30... Re7 $19) (29. Nc7 $1 $16 ) 29... Rdg8 30. Re3 ({Of course not} 30. Bxe5 Nxe5 31. Rxe5 Rxg3+ 32. Kf2 Rxh3 $15) (30. g4 $16) 30... Rf7 $14 31. Bxe5 Nxe5 32. Rxe5 Rd8 (32... Rf5 $1 $11 33. Rxf5 Bxf5) 33. Rae1 $36 {[%emt 0:03:27][%mdl 2048] White has the initiative.} Rf5 {[%emt 0:04:23] [#]} 34. Nf4 ({White should try} 34. Nc7 $1 $16) 34... Bc2 $11 35. R5e2 Ka6 {[%emt 0:00:18] [#]} (35... Rd6 $11 {remains equal.}) 36. Ra1 (36. Ne6 $1 $16 Rd7 37. Nd4 Rxd4 38. Re6+ (38. cxd4 Rd5 $14) 38... Kxa5 39. Ra1+ (39. cxd4 Rd5 $11) 39... Ba4 40. cxd4) 36... Ba4 37. Ra2 Kxa5 38. Re7 h5 (38... Rb8 $14) 39. Rxb7 $16 h4 40. Rg7 {[%emt 0:00:59] Repels Rg8} (40. Ne6 $16 Rd3 41. gxh4) 40... Rdf8 $11 41. Rg4 hxg3 42. Kxg3 b4 43. cxb4+ Kxb4 44. Ng6 (44. Ra1 $14) 44... Rf3+ {[%emt 0:00:48] The position is equal.} 45. Kh4 Re8 46. Rxa4+ {[%emt 0:04:04][%mdl 64] Deflection} Kxa4 47. Rxc4+ {[%emt 0:00:03][%mdl 4096] Endgame KRR-KRN} Kb5 48. Rf4 Rd3 49. Kg4 Rxd2 50. h4 Rg2+ 51. Kf5 Rc8 52. Re4 Rc5+ 53. Re5 Rxe5+ 54. Nxe5 Rh2 {[%emt 0:00:04] Weighted Error Value: White=0.21 (precise) /Black=0.18 (very precise)} 1/2-1/2

[Event "10th Cherry Blossom Classic 2023"]
[Site "Dulles"]
[Date "2023.05.26"]
[Round "2.13"]
[White "Shoykhet, Benjamin"]
[Black "Plotkin, Mark"]
[Result "0-1"]
[ECO "A25"]
[WhiteElo "1919"]
[BlackElo "2341"]
[Annotator "TA"]
[PlyCount "74"]
[EventDate "2023.05.24"]
[EventType "swiss"]
[EventCountry "USA"]
[SourceTitle "playchess.com"]
[Source "ChessBase"]
[SourceQuality "1"]
[TimeControl "5400+30"]

1. c4 g6 2. g3 Bg7 3. Bg2 e5 4. Nc3 Nc6 5. Nf3 f5 6. d3 {[%emt 0:00:12] A25: English Opening vs King's Indian with ...Nc6 but without early d3.} Nge7 7. O-O O-O 8. Rb1 {[%emt 0:07:07] The position is equal.} h6 9. e4 {[%emt 0:04:45] [#]} f4 $146 ({Predecessor:} 9... d6 10. h3 Be6 11. Re1 fxe4 12. Nxe4 Qd7 13. g4 Rf7 14. Nh2 Raf8 15. b4 Nd4 {0-1 Salgues,M (1739)-Bon,M (2353) Avoine op 29th 2014 (8)}) 10. b4 g5 11. b5 Nb8 (11... Na5 $1 $11) 12. d4 $14 exd4 ({Black should play} 12... d6 $14) 13. Nxd4 $16 c5 14. bxc6 ({White has to play} 14. Nf5 $1 $16 Nxf5 15. exf5 Bxc3 16. gxf4) 14... dxc6 $14 15. Ba3 $2 (15. Nce2 $14 {keeps the upper hand.}) 15... Bxd4 $17 ({Inferior is} 15... Qxd4 16. Bxe7 Qxc3 17. Bxf8 Bxf8 18. gxf4 $15) 16. Bxe7 Qxe7 ({Not} 16... Bxf2+ 17. Rxf2 Qxe7 18. gxf4 $11) 17. Qxd4 f3 {[%emt 0:00:26] And now ...Rd8 would win.} 18. Bh1 Nd7 {[%emt 0:02:26] Prevents e5.} 19. Nd1 {[%emt 0:03:27] [#]} Qe5 {[%emt 0:02:48] Prevents Ne3} (19... Nc5 $142 $1 20. Nb2 Bg4) 20. Qe3 Qf6 $36 {[%emt 0:01:19][%mdl 2048] Black is in control. Black is more active.} 21. Rb3 (21. c5 $142) 21... Ne5 22. Nb2 b6 23. Rc1 {[%emt 0:18:56] [#]} Be6 $1 24. a4 (24. Rbc3 $142) 24... Rad8 $19 25. Rbc3 $2 {[%emt 0:02:22] White is weak on the light squares} (25. a5) 25... Qf7 26. c5 $2 (26. Rd3 Rde8 27. Rcc3) 26... Qh5 {[%emt 0:00:27] ...Ng4 is the strong threat.} 27. Qe1 Ng4 28. Bxf3 Qxh2+ 29. Kf1 {[%emt 0:00:06] [#]} Rxf3 $1 30. Rxf3 Ne5 {[%emt 0:00:41] ( -> ...Qh1+)} 31. Rcc3 Bg4 32. Ke2 Qg2 {[%emt 0:00:15][%mdl 64] Pin} 33. Qf1 Bxf3+ 34. Ke1 Qxf1+ {[%emt 0:00:03] Black is clearly winning.} 35. Kxf1 Rd2 36. cxb6 axb6 37. Rb3 Rc2 {[%emt 0:00:03] Artfully played by Plotkin.   Weighted Error Value: White=0.80/Black=0.37} 0-1

[Event "10th Cherry Blossom Classic 2023"]
[Site "Dulles"]
[Date "2023.05.26"]
[Round "2.14"]
[White "Zhukova, Natalia"]
[Black "Ling, Evan"]
[Result "1-0"]
[ECO "D36"]
[WhiteElo "2324"]
[BlackElo "1952"]
[Annotator "TA"]
[PlyCount "101"]
[EventDate "2023.05.24"]
[EventType "swiss"]
[EventCountry "USA"]
[SourceTitle "playchess.com"]
[Source "ChessBase"]
[SourceQuality "1"]
[TimeControl "5400+30"]

1. c4 e6 2. Nc3 d5 3. d4 Nf6 4. cxd5 exd5 5. Bg5 Be7 6. e3 O-O 7. Bd3 Re8 8. Nge2 h6 9. Bh4 c6 10. Qc2 Nbd7 11. f3 b5 {[%emt 0:00:24] is now more promising than 11...c5. D36: Queen's Gambit Declined: Exchange Variation: Main line (5 Bg5 c6 6 Qc2).} (11... Bd6 $5 ) 12. O-O a6 13. Rad1 Bb7 {[%emt 0:01:05] The position is equal.} 14. Kh1 c5 15. dxc5 Nxc5 16. Bf5 Qb6 17. Bf2 {[%emt 0:10:59] [#]} (17. Nf4 {keeps more tension.} g5 18. b4 gxh4 19. bxc5 Bxc5 20. e4) 17... b4 $146 ({Predecessor:} 17... Rad8 18. b4 Ne6 19. e4 Qc7 20. exd5 Nxd5 21. Nxd5 Bxd5 22. Qxc7 Nxc7 23. Bb6 Bc4 {0-1 Delgado Romero,M (2282)-Hamidov,A (1530) Gran Canaria Online Blitz 2nd 2022 (7)}) 18. Na4 Nxa4 19. Qxa4 Bc6 20. Qc2 {[%emt 0:02:18] Threatens to win with e4.} Bb5 21. Rfe1 Bf8 22. Nd4 Bd7 23. Bxd7 Nxd7 24. Nb3 Qb5 (24... Rac8 $5 25. Qe2 Qc6 $11) 25. Nd4 Qb7 26. Ne2 Ne5 27. b3 Rac8 28. Qd2 Red8 29. Nf4 Rc3 30. e4 (30. Nxd5 $2 Rd3 $19) 30... d4 31. Bxd4 $16 {[%emt 0:02:09] Qf2 is the strong threat.} Bc5 32. Bxc3 ({White has to play} 32. Nd5 $16 Rd3 33. Qc2 (33. Bxc5 Rxd2 34. Rxd2 Kh8 $14) 33... Bxd4 34. Rxd3 Nxd3 35. Qxd3) 32... Rxd2 $11 33. Bxd2 {[%emt 0:00:04] Black must now prevent Bc1.} g5 $1 34. Nh3 Qc8 {[%emt 0:03:19] [#]} (34... Nd3 $11 {keeps the balance.} 35. Re2 Nb2) 35. Rf1 $1 $16 Nd3 $2 {[%emt 0:02:12] [#]} (35... a5 $16) 36. Bxg5 $1 $18 {[%emt 0:00:16][%mdl 64] Discovered Attack} hxg5 37. Rxd3 Be7 38. Rd2 {[%emt 0:01:14] Wards off Qc2} Qc3 39. Rfd1 Bc5 40. Rd3 (40. Nxg5 Be3 41. Rd8+ Kg7 $18) 40... Qc2 41. R3d2 Qc3 42. Nf2 ({But not} 42. Nxg5 Be3 43. Rd3 Qc2 $18) 42... Be3 (42... Bxf2 {is a better defense.} 43. Rxf2 Kg7) 43. Rd3 {[%emt 0:00:30] White is clearly winning.} Qc2 44. Ng4 Bf4 45. g3 Bc7 46. R1d2 {[%emt 0:01:17] Prevents Qe2} Qb1+ 47. Kg2 Bb6 48. Nf2 a5 49. Rd5 Kf8 50. Re2 {[%emt 0:00:33] And now Rd1 would win.} ({Weaker is} 50. Rxg5 Be3 $18) 50... f6 (50... Qc1 $142 51. Rd1 Qc3) 51. Rd1 {[%emt 0:00:07] Weighted Error Value: White=0.35/Black=0.33} 1-0

[Event "10th Cherry Blossom Classic 2023"]
[Site "Dulles"]
[Date "2023.05.26"]
[Round "2.15"]
[White "Paul, Justin"]
[Black "Vinod, Aarush"]
[Result "1-0"]
[ECO "A49"]
[WhiteElo "2314"]
[BlackElo "1914"]
[Annotator "TA"]
[PlyCount "61"]
[EventDate "2023.05.24"]
[EventType "swiss"]
[EventCountry "USA"]
[SourceTitle "playchess.com"]
[Source "ChessBase"]
[SourceQuality "1"]
[TimeControl "5400+30"]

1. Nf3 Nf6 2. g3 g6 3. b3 Bg7 4. Bb2 O-O 5. Bg2 d6 6. d4 b5 {[%emt 0:00:46][%cal Bb7b5,Bb5b4][%mdl 32] [#] A49: 1 d4 Nf6 2 Nf3 g6 3 g3: Anti-King's Indian systems.} 7. Ne5 {[%emt 0:05:50] [#]} dxe5 $1 $17 8. Bxa8 {[%emt 0:00:26] And now Bg2 would win.} c6 {[%emt 0:00:49] Black is slightly better.} 9. a4 (9. dxe5 $15 Nd5 10. a4) 9... b4 {[%emt 0:07:39] [#]} 10. a5 $146 ({Better is} 10. dxe5 $15 Nd5 11. Qd4) ({Predecessor:} 10. dxe5 Nd5 11. Qd4 Nb6 12. Qxb4 Na6 13. Qe4 Nxa8 14. Qxc6 Nb4 15. Qc5 Qb6 16. Qxb6 Nxb6 {0-1 Jones,G (2672)-Sadhwani,R (2616) Titled Tuesday intern op 08th Mar Early blitz 2022 (5)}) 10... e4 (10... Qd5 $17 11. f3 Rd8) 11. c4 {[%emt 0:02:40] [#]} (11. a6 $15) 11... e3 $1 12. fxe3 (12. O-O Bh3) 12... Ng4 (12... Bh3 $15) 13. Qd2 (13. Qd3 $1 $11) 13... Bh6 $15 14. Qxb4 {[%emt 0:01:03] [#]} Nxe3 $1 15. Qc3 {[%emt 0:06:45] [#] Wards off Nc2+} (15. Qxb8 $2 Nc2+ 16. Kd1 Nxd4 $19) 15... e5 $1 {[%emt 0:08:16] aiming for ...exd4.} 16. d5 (16. dxe5 Qd1+ 17. Kf2 Ng4+ 18. Kg2 Qxe2+ 19. Kh3 Nxe5+ 20. Kh4 Qh5#) 16... cxd5 17. Bxd5 {[%emt 0:02:29] [#]} (17. cxd5 $15 Na6 18. Na3 (18. Qxe5 $2 Nc2+ 19. Kf2 f6 $19) 18... Ng2+ 19. Kd1 (19. Kf2 Bh3 $11)) 17... Nc6 $1 $19 {[%emt 0:04:55][%mdl 512] Hoping for ...Nd4.} 18. Bf3 (18. Bxc6 Qd1+ 19. Kf2 Ng4+ 20. Kg2 Qxe2+ 21. Kh3 Ne3+ 22. Kh4 Qh5#) (18. Rf1 Nb4) 18... Nd4 $1 {[%emt 0:05:19] ( -> ...Nxf3+). Excellent horsemanship.} 19. Na3 $2 (19. Nd2 Nec2+ 20. Kf2) 19... Qf6 20. Rf1 (20. Rg1 $2 Nxf3+ 21. exf3 Qxf3) 20... Nxf1 (20... Bg4 $142 21. Nb5 Ndc2+ 22. Kf2 Bxf3 23. exf3 Rd8) 21. Kxf1 Bb7 $1 {[%emt 0:01:28] ...Rd8 is the strong threat.} 22. Kg2 {[%emt 0:01:19] [#]} (22. Nc2 {keeps fighting.} Nxc2 {[%mdl 64] Deflection} 23. Qxc2 Bxf3 24. exf3 Qxf3+ 25. Qf2 Qxb3 26. Re1) 22... Nxe2 (22... Bd2 $142 $1 23. Qd3 (23. Qxd2 $2 Bxf3+ 24. Kf2 Bxe2+ 25. Kg2 Qc6+ 26. Kf2 Qf6+ 27. Kg2 Bf3+ 28. Kf1 Bg2+ {[%mdl 64] Decoy} 29. Kxg2 Qf3+ 30. Kh3 Qf5+ 31. Kg2 Qe4+ 32. Kh3 Nf3 $19) 23... Nxf3 24. exf3 Rd8) 23. Qd3 {[%emt 0:00:34] [#]} Rd8 (23... Bxf3+ 24. Qxf3 Qxf3+ 25. Kxf3 Nd4+ 26. Bxd4 exd4 27. Rd1 $14 (27. Nb5 Re8 $14)) (23... Nc1 $1 $19 24. Bxc1 e4 25. Bxe4 Qf5) 24. Bd5 $17 (24. Qxe2 Rd2 25. Kh3 Rxe2 26. Bxe2 Qf2) 24... Qe6 (24... Rxd5 $17 25. cxd5 Nd4) 25. Rd1 (25. Qxe2 $11 Rxd5 26. cxd5 Qxd5+ 27. Kf2 (27. Kh3 $2 Qe6+ 28. Qg4 Bg2+ {[%mdl 64] Deflection} 29. Kxg2 Qxg4 $19) 27... Qg2+ 28. Ke1 Qh1+ 29. Qf1 Qe4+ 30. Qe2 Qh1+ 31. Qf1 Qe4+ 32. Qe2 Qh1+) 25... Qg4 $2 (25... Bxd5+ 26. cxd5 Qg4 27. Bxe5 $16) (25... Rxd5 $1 $19 26. cxd5 Nd4) 26. Bxe5 $11 {[%emt 0:06:33] Strongly threatening Qf3.} Nc1 (26... Qh5 $5 27. Qe4 Bc8 $14) 27. Qf3 $40 {[%emt 0:05:59][%csl Gd5][%cal Rf3f7][%mdl 128] White has some attack. Really sharp!} (27. Qc2 $2 Qh5 28. h4 (28. Rxc1 $2 Bxc1 29. Qxc1 Bxd5+ 30. cxd5 Qxe5 $19) 28... Bxd5+ 29. cxd5 Qxe5 $19) 27... Qe6 (27... Qxf3+ $11 {and Black is okay.} 28. Kxf3 Nxb3) 28. Bb2 $18 (28. Bxb7 Rxd1 29. Qxd1 Qxe5 $11) 28... Nxb3 (28... Qe7 $142 29. Kf1 (29. Bxb7 Rxd1 30. Qxd1 Qxb7+ 31. Qf3 Qxf3+ {[%mdl 64] Remove Defender} 32. Kxf3 Nxb3 $16) (29. Bxf7+ Qxf7 {[%mdl 64] Pin} 30. Rxd8+ Bf8 $16) 29... Bxd5 30. cxd5 f5 31. Bxc1 Bxc1 {[%mdl 64] Remove Defender}) 29. Bxb7 {[%emt 0:01:16] White is clearly winning.} (29. Qxb3 Qe2+ 30. Kh1 Rxd5 31. cxd5 Qe4+ 32. Kg1 Be3+) 29... Nd2 30. Qf2 Be3 31. Qf6 {[%emt 0:00:18] An exciting game.   Weighted Error Value: White=0.71/Black=0.77} 1-0

[Event "10th Cherry Blossom Classic 2023"]
[Site "Dulles"]
[Date "2023.05.26"]
[Round "2.16"]
[White "Aripov, Iskandar"]
[Black "Marjanovic, Annamaria"]
[Result "0-1"]
[ECO "B51"]
[WhiteElo "2211"]
[BlackElo "2273"]
[Annotator "TA"]
[PlyCount "74"]
[EventDate "2023.05.24"]
[EventType "swiss"]
[EventCountry "USA"]
[SourceTitle "playchess.com"]
[Source "ChessBase"]
[SourceQuality "1"]
[TimeControl "5400+30"]

1. e4 c5 2. Nf3 d6 3. Bb5+ Nd7 4. O-O a6 5. Bd3 Ngf6 6. c3 {[%emt 0:00:31] B51: Sicilian: Moscow Variation (3 Bb5+) without 3...Bd7.} b5 7. Bc2 c4 8. b3 {[%emt 0:02:02] White is slightly better.} Bb7 9. Re1 (9. Qe2 $14) 9... e5 (9... e6 $1 $15) 10. bxc4 $11 bxc4 11. Na3 Rc8 12. Rb1 Ba8 13. Qe2 $1 Qc7 {[%emt 0:07:30] [#]} 14. Nh4 $146 ({White should play} 14. d3 $11) ({Predecessor:} 14. Bb2 Be7 15. d3 cxd3 16. Bxd3 Nc5 17. Nd2 Bb7 18. Nac4 O-O 19. f3 d5 20. exd5 Nxd3 21. Qxd3 Bxd5 22. Rxe5 {0-1 Egin,V (2395)-Gupta,A (2619) Agzamov Memorial 08th 2014 (6)}) 14... g6 {[%emt 0:13:07] Hoping for ...Be7.} 15. d3 (15. d4 $1 $15) 15... cxd3 (15... d5 $1 $17 {...Be7 would be deadly.} 16. exd5 Nxd5) 16. Bxd3 $15 Nc5 17. Bxa6 Nxa6 18. Qxa6 Bxe4 (18... Be7 $1 $15) 19. Bg5 $11 Ra8 20. Qe2 Bxb1 21. Bxf6 Be7 $1 (21... Rxa3 $2 {gets mated.} 22. Qb5+ (22. Bxh8 Bxa2 23. Qb5+ Kd8 $17) 22... Qd7 23. Qb8+) 22. Nb5 (22. Bxh8 $11 Rxa3 23. Qb5+ Kf8 24. Qxb1 (24. Qb4 $2 Rxc3 25. Qxb1 Bxh4 $19)) 22... Qc5 $17 23. Bxh8 Rxa2 24. Nxd6+ Bxd6 25. Qf3 {[%emt 0:00:48] [#]} Bd3 {[%emt 0:02:37][%mdl 576] Deflection, Back Rank} 26. Bf6 {[%emt 0:02:20] [#]} (26. Kh1 Qxc3) 26... e4 27. Bd4 $15 {[%emt 0:00:27] White is weak on the light squares} Qb5 28. Qf6 Be7 {[%emt 0:00:24] Active counter play! This pair of bishops is nice.} 29. Qh8+ Kd7 {[%emt 0:01:30] aiming for ...Re2.} 30. Qxh7 Re2 31. Ra1 {[%emt 0:01:15][%cal Oh4g6] Black must now prevent Nxg6!} Ra2 {[%emt 0:00:00][%cal Ra2a1][%mdl 1088] Deflection, Back Rank. Black has compensation.} 32. Re1 Re2 33. Ra1 {[%emt 0:00:14][%cal Oh4g6] Threatens to win with Nxg6!} Qa5 $40 {[%emt 0:00:40][%cal Ra5a1][%mdl 192] Deflection, Back Rank. White needs to defend precisely.} 34. Rf1 {[%emt 0:01:12] [#] Now White is beyond hope.} (34. Rd1 $15 Qa4 35. Rf1) 34... Ra2 $1 $19 35. Qxf7 $2 (35. Nxg6 fxg6 36. Bf6) 35... Ra1 {[%emt 0:00:17][%csl Gd3][%cal Ra1f1][%mdl 64] Pin} 36. g3 Bxf1 37. h3 Bc4+ {[%emt 0:00:05] Magnificent play by Marjanovic!   Weighted Error Value: White=0.48/Black=0.13 (very precise)} 0-1

[Event "10th Cherry Blossom Classic 2023"]
[Site "Dulles"]
[Date "2023.05.26"]
[Round "2.17"]
[White "Tanenbaum, Zachary"]
[Black "Slate, Kent"]
[Result "1-0"]
[ECO "B30"]
[WhiteElo "2261"]
[BlackElo "1989"]
[Annotator "TA"]
[PlyCount "71"]
[EventDate "2023.05.24"]
[EventType "swiss"]
[EventCountry "USA"]
[SourceTitle "playchess.com"]
[Source "ChessBase"]
[SourceQuality "1"]
[TimeControl "5400+30"]

1. e4 c5 2. Nf3 Nc6 3. Nc3 e5 4. Bc4 Be7 5. d3 d6 6. Nd2 Nf6 7. Nf1 Bg4 8. f3 {[%emt 0:00:03] B30: Sicilian: 2...Nc6 3 Bb5, lines without ...g6.} Be6 9. Ne3 O-O 10. Ncd5 {[%emt 0:07:04] [#] White has an edge.} Nh5 $146 ({Predecessor:} 10... a6 11. a3 Nd7 12. O-O Bg5 13. c3 Bxe3+ 14. Bxe3 Ne7 15. f4 Bxd5 16. exd5 b5 {0-1 Svane,F (2438)-Le,T (2514) Titled Tuesday intern op 24th Aug blitz 2021 (7)}) 11. a4 Bh4+ 12. g3 Bg5 13. O-O {[%emt 0:01:06] aiming for f4.} Bh3 $2 {[%emt 0:05:17] [#]} (13... Bxe3+ $11 {and Black is okay.} 14. Bxe3 Ne7) 14. f4 $1 $18 {[%emt 0:13:48][%mdl 64] Discovered Attack} exf4 (14... Nxf4 15. gxf4) 15. Qxh5 fxe3 (15... Bxf1 {is a better defense.} 16. gxf4 (16. Nxf1 g6 $18) 16... Bxd3) 16. Qxh3 {[%emt 0:01:45] White is clearly winning.} e2 17. Re1 Bxc1 18. Raxc1 Nd4 19. Qg2 {[%emt 0:00:56] Prevents Nf3+.} a6 20. c3 Nc6 21. Qxe2 Rb8 22. Rf1 b5 23. axb5 axb5 24. Bb3 b4 25. Ba4 Ne7 26. Nxe7+ Qxe7 27. Bc6 Kh8 28. Bd5 f5 29. Qd2 ({Weaker is} 29. Rxf5 Rxf5 30. Re1 Rff8 $17) 29... fxe4 30. dxe4 h6 31. Rxf8+ Qxf8 32. Rf1 Qd8 33. c4 {[%emt 0:02:32] [#] Black must now prevent Rf7.} Qe7 34. Rf7 Qe5 35. Qf2 Re8 36. Rf8+ {[%emt 0:00:10] Black did not feel at home in the position after the opening.   Weighted Error Value: White=0.03 (flawless) /Black=0.39} 1-0